 Dungeon Crawl Stone Soup version 0.28.0-45-g0d030f2227 (webtiles) character file.

Game seed: 9430110730256495600

36 Icepheonix32 the Insei (level 3, -13/26 HPs)
             Began as a Merfolk Transmuter on Apr 16, 2022.
             Mangled by a wyvern zombie (15 damage)
             ... on level 3 of the Dungeon.
             The game lasted 00:02:03 (2084 turns).

Icepheonix32 the Insei (Merfolk Transmuter)         Turns: 2084, Time: 00:02:04

Health: -13/26     AC:  2    Str: 10    XL:     3   Next: 37%
Magic:  5/6        EV: 13    Int: 14    God:
Gold:   36         SH:  0    Dex: 14    Spells: 5/6 levels left

rFire   . . .      SeeInvis .     - Unarmed
rCold   . . .      Faith    .   (no shield)
rNeg    . . .      Spirit   .   a - +0 robe
rPois   .          Reflect  .   (helmet currently unavailable)
rElec   .          Harm     .   (no cloak)
rCorr   .          Rampage  .   (no gloves)
Will    .....                   (boots currently unavailable)
Stlth   +.........              (no amulet)
HPRegen 0.08/turn               (no ring)
MPRegen 0.10/turn               (no ring)

@: appendages
A: horns 2, (nimble swimmer 2), mertail
a: End Transformation


You were on level 3 of the Dungeon.
You had temporarily grown beastly horns.
You visited 1 branch of the dungeon, and saw 3 of its levels.

You collected 36 gold pieces.

Inventory:

Hand Weapons
 h - a +0 whip of pain
Missiles
 j - 3 poisoned darts
Armour
 a - a +0 robe (worn)
Scrolls
 b - 4 scrolls of identify {unknown}
 c - 2 scrolls of teleportation {unknown}
 g - a scroll of amnesia {unknown}
 i - a scroll of magic mapping {unknown}
 l - a scroll of enchant armour {unknown}
Potions
 d - 3 potions of heal wounds {unknown}
 e - a potion of attraction {unknown}
 f - a potion of curing {unknown}
 k - a potion of brilliance {unknown}


   Skills:
 + Level 1.1 Fighting
 + Level 2.9 Dodging
 + Level 4.0 Unarmed Combat
 + Level 2.2 Spellcasting
 * Level 3.6 Transmutations


You had 5 spell levels left.
You knew the following spells:

 Your Spells              Type           Power      Damage    Failure   Level
a - Beastly Appendage     Tmut           22%        N/A       5%          1

Your spell library contained the following spells:

 Spells                   Type           Power      Damage    Failure   Level
 Wereblood                Tmut           11%        N/A       8%          2
 Spider Form              Tmut/Pois      6%         N/A       32%         3
 Ice Form                 Ice/Tmut       6%         N/A       73%         4


Dungeon Overview and Level Annotations

Branches:
Dungeon (2/15)

Altars:


Innate Abilities, Weirdness & Mutations

You have temporarily grown beastly horns.
((You are very nimble when in or above water. (Stealth+, EV+, Speed+++)))
Your lower body shifts to a powerful aquatic tail in water.


Message History

No target in view!
No target in view!
No target in view!
No target in view!
Your transformation is almost over.
Magic restored.
Found 27 arrows.
Found a stone staircase leading down.
Your horns disappear.
A wyvern zombie comes into view.
Found a stone staircase leading down.
Found 10 gold pieces.
You hit the wyvern zombie.
The wyvern zombie is lightly damaged.
The wyvern zombie misses you.
You hit the wyvern zombie.
The wyvern zombie is lightly damaged.
The wyvern zombie bites you!
You hit the wyvern zombie but do no damage.
The wyvern zombie is lightly damaged.
The wyvern zombie bites you but does no damage.
You hit the wyvern zombie.
The wyvern zombie is moderately damaged.
The wyvern zombie bites you. The wyvern zombie bites you!
* * * LOW HITPOINT WARNING * * *
You are too injured to fight recklessly!
You are too injured to fight recklessly!
You are too injured to fight recklessly!
You are too injured to fight recklessly!
You are too injured to fight recklessly!
You are too injured to fight recklessly!
You are too injured to fight recklessly!
You are too injured to fight recklessly!
You are too injured to fight recklessly!
You are too injured to fight recklessly!
Unknown command.
Casting: Beastly Appendage (safe; 5% risk of failure)
Confirm with . or Enter, or press ? or * to list all spells.
You grow a pair of large bovine horns.
The wyvern zombie bites you!
Ouch! That really hurt!
You die...

#.. #.. ##..####.##
..........# #........#
##>...>...# ..........#
#...# #.(.....### #...#
#...Z@....# #...#
..........#.# #...# .
.$.###.####.######...##.
. #....#.#........... ..
#...............
##......#...........
#.###########...##. #.
#...# #...#


You could see a wyvern zombie.

Vanquished Creatures
  A dart slug (D:1)
  4 endoplasms
  A giant cockroach (D:1)
  6 goblins (D:1)
  A hobgoblin (D:1)
  5 kobolds
  A quokka (D:1)
  2 ball pythons (D:1)
  4 bats
  4 frilled lizards (D:1)
  2 rats (D:1)
31 creatures vanquished.

Notes
Turn   | Place    | Note
-------+----------+-------------------------------------------
     0 | D:1      | Icepheonix32 the Merfolk Transmuter began the quest for the
                  | Orb.
     0 | D:1      | Reached XP level 1. HP: 15/15 MP: 3/3
   451 | D:1      | Reached XP level 2. HP: 9/21 MP: 3/5
  1001 | D:1      | Reached XP level 3. HP: 16/26 MP: 6/6
  2038 | D:2      | You fall into a shaft and drop 1 floor!
  2064 | D:3      | Reached skill level 4 in Unarmed Combat
  2084 | D:3      | Mangled by a wyvern zombie

Illustrated notes

Levels and vault maps discovered:
D:1:      wander_arrival_lonely_grave, layout_basic, minmay_misc_feat_hallway,
          due_unseen_surprise
D:2:      layout_basic, minmay_misc_feat_encased, minmay_distorted
D:3:      layout_loops_cross, mainiacjoe_overflow_brackets,
          ebering_ecumenical_altar_ruins, uniq_jessica

Skill      XL: |  1  2  3 |
---------------+----------+-----
Transmutations | 3 |  3.6
Unarmed Combat | 4 |  4.0
Fighting       | |  1.1
Dodging        | |  2.9
Spellcasting   | |  2.2

Action                   || total
-------------------------++-------
Melee: Unarmed           ||    89
       Headbutt          ||    10
       Punch             ||     2
 Cast: Beastly Appendage ||    17
 Stab: Sleeping          ||     1
Armor: Robe              ||    18
Dodge: Dodged            ||    55
